 Dungeon Crawl Stone Soup version 0.21.1-72-gffa868e (webtiles) character file.

11510 Doobh the Covert (level 12, -3/73 HPs)
             Began as a Kobold Assassin on Aug 5, 2018.
             Was a Priest of Dithmenos.
             Killed from afar by an efreet (34 damage)
             ... with a fireball
             ... on level 8 of the Dungeon on Aug 6, 2018.
             The game lasted 01:27:30 (12355 turns).

Doobh the Covert (Kobold Assassin)                 Turns: 12355, Time: 01:27:31

Health: -3/73      AC: 15    Str: 11    XL:     12   Next: 8%
Magic:  12/12      EV: 27    Int: 13    God:    Dithmenos [***...]
Gold:   494        SH:  0    Dex: 24    Spells: 11/11 levels left

rFire    . . .     SeeInvis .   q - +2 dagger (protect)
rCold    . . .     Gourm    .   (shield restricted)
rNeg     . . .     Faith    .   i - +1 animal skin
rPois    +         Spirit   .   l - +2 helmet
rElec    .         Reflect  .   n - scarf {repulsion}
rCorr    .         Harm     .   m - +0 pair of fencer's gloves {+Riposte Dex+3}
MR       .....                  j - +0 pair of boots
Stlth    +++++++...             (no amulet)
HPRegen  0.62/turn              r - +2 ring of evasion
MPRegen  0.13/turn              h - +3 ring of strength

@: protection aura, wreathed by umbra, repel missiles
A: small, carnivore, poison resistance, regeneration 1, wild magic 2
a: Shadow Step, Renounce Religion


You were on level 8 of the Dungeon.
You worshipped Dithmenos.
Dithmenos was most pleased with you.
You were completely stuffed.

You visited 2 branches of the dungeon, and saw 10 of its levels.

You collected 494 gold pieces.

Inventory:

Hand Weapons
 k - a +1 dagger of speed
 q - a +2 dagger of protection (weapon)
 t - a +0 blowgun
 C - a cursed -2 dagger
Missiles
 e - 5 poisoned needles
 o - 38 bolts
Armour
 a - a +0 buckler
 d - a +1 helmet
 i - a +1 animal skin (worn)
 j - a +0 pair of boots (worn)
 l - a +2 helmet (worn)
 m - the +0 pair of fencer's gloves (worn) {+Riposte Dex+3}
   (You found it on level 5 of the Dungeon)

   It affects your dexterity (+3).
 n - a scarf of repulsion (worn)
Jewellery
 c - an uncursed ring of resist corrosion {unknown}
 h - a +3 ring of strength (right hand)
 r - a +2 ring of evasion (left hand)
 u - an uncursed ring of fire {unknown}
 D - an uncursed amulet of harm {unknown}
 G - an uncursed ring of poison resistance {unknown}
 M - an uncursed ring of magical power {unknown}
Wands
 J - a wand of iceblast (8)
Scrolls
 b - a scroll of amnesia
 p - a scroll of fog
 s - 4 scrolls of remove curse
 v - a scroll of identify
 x - 2 scrolls of magic mapping
 F - a scroll of random uselessness
Books
 E - a book of Battle

   Spells                             Type                      Level
   a - Infusion                       Charms                       1
   b - Shroud of Golubria             Charms/Translocation         2
   c - Song of Slaying                Charms                       2
   d - Spectral Weapon                Hexes/Charms                 3
   e - Regeneration                   Charms/Necromancy            3
 N - a book of Cantrips

   Spells                             Type                      Level
   a - Confusing Touch                Hexes                        1
   b - Animate Skeleton               Necromancy                   1
   c - Summon Small Mammal            Summoning                    1
   d - Apportation                    Translocation                1
Comestibles
 g - 21 rations


   Skills:
 - Level 8.0 Fighting
 - Level 10.8 Short Blades
 + Level 9.5 Throwing
 * Level 3.4 Armour
 + Level 10.0 Dodging
 + Level 10.9 Stealth
 * Level 3.4 Shields
 - Level 1.0 Evocations


You had 11 spell levels left.
You didn't know any spells.

Dungeon Overview and Level Annotations

Branches:
Dungeon (9/15)             Temple (1/1) D:5            Lair (0/6) D:8
    Orc: D:9-12

Altars:
Ashenzari
Cheibriados
Dithmenos
Elyvilon
Fedhas
Gozag
Hepliaklqana
Kikubaaqudgha
Makhleb
Nemelex Xobeh
Okawaru
Qazlal
Ru
Sif Muna
Trog
Uskayaw
Vehumet
Wu Jian
Xom
Yredelemnul
Zin
The Shining One

Shops:
D:4 =

Annotations:
D:5 WolfEyezz's ghost, novice MiFi


Innate Abilities, Weirdness & Mutations

You are small and have problems with some larger weapons.
You are carnivorous and can eat meat at any time.
Your system is resistant to poisons. (rPois)
Your natural rate of healing is unusually fast.
Your spells are harder to cast, but more powerful.


Message History

The efreet is moderately wounded.
The efreet gestures at you.
The fireball explodes!
The fireball engulfs you!
The fireball engulfs the efreet.
The efreet completely resists.
You climb upwards.
There is a stone staircase leading down here.
Okay, then.
You hit the efreet but do no damage.
The efreet is moderately wounded.
You barely miss the efreet.
The efreet is moderately wounded.
The efreet gestures at you. The bolt of fire misses you.
You barely miss the efreet.
The efreet is moderately wounded.
You hit the efreet but do no damage.
The efreet is moderately wounded.
The efreet gestures at you.
The fireball explodes!
The fireball engulfs you!
You die...

##.....## ##.....##....##
#.......## #8.....8#.....##
#........# #.....##......##
#........## #8...8##.......##
#.........####.....##........#
#..........##8.....8#........##
##..........##.....##.........#
#..........##8.R.8##.........##
#..........####@####..........#
#..........####### #..........#
#...............## #..........##
#..............## ##........^..
#...............#####........###
##..........................##
#...................####..##
#................#### ####
############.#####


You could see an efreet.

Vanquished Creatures
  4 two-headed ogres
  3 centaur warriors
  A catoblepas (D:9)
  An ugly thing (D:9)
  2 deep elf magi (D:8)
  A hippogriff (D:8)
  4 hogs (D:8)
  A human (D:8)
  A vampire mosquito (D:8)
  Menkaure (D:5)
  Duvessa (D:6)
  A porcupine (D:8)
  A black bear (D:8)
  4 ice beasts
  3 orc warriors
  2 phantoms
  2 sky beasts (D:9)
  4 ogres
  A necrophage (D:9)
  A wolf (D:9)
  A crocodile (D:9)
  2 bullfrogs
  A wyvern zombie (D:8)
  A water moccasin zombie (D:7)
  3 scorpions (D:8)
  Dowan (D:6)
  4 killer bees (D:7)
  8 wights (D:6)
  3 howler monkeys
  5 crimson imps
  A centaur zombie (D:6)
  4 hounds
  A jelly (D:8)
  2 bullfrog skeletons
  2 orc priests (D:4)
  2 centaur skeletons
  8 orc wizards
  2 iguanas
  4 worker ants
  A hound zombie (D:7)
  2 hound skeletons
  A howler monkey zombie (D:6)
  A worker ant zombie (D:6)
  Robin (D:2)
  4 gnolls (D:4)
  6 adders
  2 shadow imps
  An ooze (D:1)
  An adder skeleton (D:6)
  3 worms
  2 dart slugs
  5 leopard geckos
  27 orcs
  6 bats
  7 giant cockroaches
  14 goblins
  15 hobgoblins
  6 jackals
  4 quokkas
  2 ball pythons (D:2)
  2 frilled lizards
  A jackal skeleton (D:6)
  10 kobolds
  2 leopard gecko zombies
  A quokka skeleton (D:6)
  8 rats
229 creatures vanquished.

Vanquished Creatures (others)
  A hound skeleton (D:9)
1 creature vanquished.

Grand Total: 230 creatures vanquished

Notes
Turn   | Place    | Note
-------+----------+-------------------------------------------
     0 | D:1      | Doobh the Kobold Assassin began the quest for the Orb.
     0 | D:1      | Reached XP level 1. HP: 12/12 MP: 1/1
   255 | D:1      | Reached XP level 2. HP: 12/17 MP: 2/2
  1033 | D:1      | Reached XP level 3. HP: 22/22 MP: 3/3
  1504 | D:2      | Noticed Robin
  1521 | D:2      | Killed Robin
  1975 | D:2      | Reached XP level 4. HP: 26/27 MP: 4/4
  2227 | D:2      | Found an ornate altar of the Wu Jian Council.
  3143 | D:3      | Found a white marble altar of Elyvilon.
  3209 | D:3      | Reached XP level 5. HP: 25/32 MP: 5/5
  3563 | D:3      | Found a glowing golden altar of the Shining One.
  4087 | D:4      | Reached XP level 6. HP: 37/37 MP: 6/6
  4219 | D:4      | Noticed an ogre
  4227 | D:4      | Killed an ogre
  4583 | D:4      | Found a radiant altar of Vehumet.
  4596 | D:4      | Reached skill level 5 in Short Blades
  4596 | D:4      | Reached XP level 7. HP: 41/41 MP: 7/7
  4740 | D:4      | Found a sacrificial altar of Ru.
  4842 | D:4      | Found Zifeuta's Jewellery Boutique.
  5000 | D:5      | Entered Level 5 of the Dungeon
  5056 | D:4      | Reached skill level 1 in Evocations
  5517 | D:5      | Noticed WolfEyezz's ghost (novice MiFi)
  5552 | D:5      | Found a shattered altar of Ashenzari.
  5555 | D:5      | Reached XP level 8. HP: 48/48 MP: 8/8
  5802 | D:5      | Noticed Menkaure
  5833 | D:5      | Found a staircase to the Ecumenical Temple.
  5848 | Temple   | Entered the Ecumenical Temple
  5989 | Temple   | Became a worshipper of Dithmenos the Shadowed
  6565 | D:5      | Found a hide-covered altar of Uskayaw.
  6566 | D:5      | Noticed a dagger
  6566 | D:5      | Noticed a dagger
  6693 | D:5      | Killed Menkaure
  6847 | D:5      | Found the +0 pair of fencer's gloves {+Riposte Dex+3}
  6975 | D:6      | Found Paphapt's Distillery.
  7055 | D:6      | Reached skill level 5 in Fighting
  7097 | D:6      | Reached skill level 5 in Throwing
  7109 | D:6      | Reached skill level 5 in Dodging
  7262 | D:6      | Noticed Dowan
  7267 | D:6      | Noticed Duvessa
  7269 | D:6      | Killed Dowan
  7269 | D:6      | Reached XP level 9. HP: 54/54 MP: 9/9
  7287 | D:6      | Killed Duvessa
  7287 | D:6      | Reached * piety under Dithmenos
  8836 | D:7      | Found a shimmering altar of Xom.
  8980 | D:8      | Reached skill level 10 in Stealth
  9069 | D:8      | Found a sparkling altar of Nemelex Xobeh.
  9246 | D:8      | Reached ** piety under Dithmenos
  9287 | D:8      | Reached XP level 10. HP: 56/61 MP: 10/10
  9605 | D:8      | Noticed a two-headed ogre
  9609 | D:8      | Noticed a two-headed ogre
  9646 | D:8      | Killed a two-headed ogre
  9686 | D:8      | Killed a two-headed ogre
  9820 | D:8      | Found a white marble altar of Elyvilon.
  9820 | D:8      | Noticed a deep elf mage
  9820 | D:8      | Noticed a deep elf mage
  9825 | D:8      | Killed a deep elf mage
  9849 | D:8      | Killed a deep elf mage
  9913 | D:8      | Reached skill level 10 in Short Blades
 10010 | D:8      | Reached XP level 11. HP: 68/68 MP: 11/11
 10291 | D:8      | Noticed a two-headed ogre
 10294 | D:8      | Killed a two-headed ogre
 10457 | D:8      | Found a staircase to the Lair.
 10910 | D:9      | Noticed a catoblepas
 10910 | D:9      | Noticed a centaur warrior
 10919 | D:9      | Noticed a two-headed ogre
 11053 | D:9      | Reached skill level 1 in Armour
 11071 | D:9      | Reached skill level 1 in Shields
 11337 | D:8      | Reached *** piety under Dithmenos
 11530 | D:8      | Gained mutation: Your system is resistant to poisons. (rPois) [potion of mutation]
 11530 | D:8      | Gained mutation: Your natural rate of healing is unusually fast. [potion of mutation]
 11530 | D:8      | Gained mutation: Your spells are a little harder to cast, but a little more powerful. [potion of mutation]
 11530 | D:8      | Gained mutation: Your spells are harder to cast, but more powerful. [potion of mutation]
 11596 | D:8      | Killed a centaur warrior
 11761 | D:9      | Noticed a two-headed ogre
 11763 | D:9      | Noticed a cyan ugly thing
 11773 | D:9      | Noticed a centaur warrior
 11779 | D:9      | Noticed a centaur warrior
 11813 | D:9      | Killed a two-headed ogre
 11816 | D:9      | Killed a centaur warrior
 11823 | D:9      | Killed a centaur warrior
 11879 | D:9      | Killed a cyan ugly thing
 12053 | D:9      | Killed a catoblepas
 12053 | D:9      | Reached skill level 10 in Dodging
 12053 | D:9      | Reached XP level 12. HP: 29/73 MP: 12/12
 12355 | D:8      | Killed from afar by an efreet

Skill      XL: |  1  2  3  4  5  6  7  8  9 10 11 |
---------------+----------------------------------+-----
Short Blades   | 3 4 5 6 8 10 | 10.8
Stealth        | 6 7 8 9 10 | 10.9
Dodging        | 2 3 4 5 6 8 10 | 10.0
Throwing       | 3 4 5 6 8 9 |  9.5
Fighting       | 3 4 5 6 8 |  8.0
Evocations     | 1 |  1.0
Armour         | 3 |  3.4
Shields        | 3 |  3.4

Action                   |  1- 3 |  4- 6 |  7- 9 | 10-12 || total
-------------------------+-------+-------+-------+-------++-------
Melee: Dagger            |    93 |   236 |   749 |   525 ||  1603
 Fire: Blowgun           |     3 |    32 |    40 |    68 ||   143
Evoke: Wand              |       |       |    21 |     9 ||    30
  Use: Scroll            |       |     8 |     6 |     6 ||    20
       Potion            |       |     3 |     5 |    13 ||    21
 Stab: Sleeping          |     9 |    18 |    10 |     9 ||    46
       Distracted        |       |     2 |     1 |     2 ||     5
       Petrified         |       |       |       |     1 ||     1
  Eat: Chunk             |    12 |     7 |    16 |    10 ||    45
Armor: Robe              |    13 |    13 |       |       ||    26
       Animal skin       |       |     8 |    97 |    63 ||   168
Dodge: Dodged            |    48 |   118 |   401 |   414 ||   981
       Deflected         |       |       |     1 |     9 ||    10
       Rpst.: Dagger     |       |       |    79 |    90 ||   169
       Blowgun           |       |       |       |     5 ||     5
